 Dungeon Crawl Stone Soup version 0.28.0 (webtiles) character file.

Game seed: 7791338939678038479

27729 browni3141 the Blocker (level 13, 0/84 HPs)
             Began as a Gargoyle Berserker on Feb 16, 2022.
             Was a High Priest of Trog.
             Slain by Sonja (7 damage)
             ... on level 4 of the Lair of Beasts.
             The game lasted 00:11:26 (17577 turns).

browni3141 the Blocker (Gargoyle Berserker)        Turns: 17577, Time: 00:11:26

Health: 0/84       AC: 35    Str: 24    XL:     13   Next: 34%
Magic:  3/13       EV: 11    Int:  7    God:    Trog [*****.]
Gold:   977        SH: 12    Dex:  9    Spells: 12/12 levels left

rFire   + . .      SeeInvis .   g - +6 broad axe of War {vorpal, *Rage rF+ Stlth+}
rCold   . . .      Faith    +   r - +0 kite shield
rNeg    + . .      Spirit   .   E - +0 plate armour
rPois   ∞          Reflect  .   e - +0 helmet
rElec   +          Harm     .   (no cloak)
rCorr   .          Rampage  .   V - +3 Mad Mage's Maulers {Infuse+∞ RegenMP Int-3}
Will    .....      Rage     20% Q - +0 pair of boots
Stlth   ..........              l - amulet of faith
HPRegen 0.24/turn               q - +4 ring of protection
MPRegen 0.53/turn               N - +4 ring of evasion

@: marked, on berserk cooldown, slowed, very slow
A: sickness immunity, AC +9, negative energy resistance 1, electricity
resistance, torment resistance 1, petrification resistance
a: Renounce Religion, Berserk, Trog's Hand, Brothers in Arms


You were on level 4 of the Lair of Beasts.
You worshipped Trog.
Trog was extremely pleased with you.
You visited 2 branches of the dungeon, and saw 14 of its levels.
You also visited: Ossuary and Volcano.

You collected 977 gold pieces.

Inventory:

Hand Weapons
 a - a +0 hand axe
 g - the +6 broad axe of War (weapon) {vorpal, *Rage rF+ Stlth+}
   (You acquired it on level 10 of the Dungeon)

   It inflicts extra damage upon your enemies.
   rF:        It protects you from fire.
   *Rage:     It berserks you when you make melee attacks (+20% chance).
   Stlth:     It makes you more stealthy.
 J - a +0 war axe
Armour
 b - a +0 animal skin
 d - a +0 scale mail
 e - a +0 helmet (worn)
 p - a +0 pair of gloves
 r - a +0 kite shield (worn)
 E - a +0 plate armour (worn)
 F - a scarf of harm
 Q - a +0 pair of boots (worn)
 V - the +3 Mad Mage's Maulers (worn) {Infuse+∞ RegenMP Int-3}
   (You found it in a volcano)

   It empowers its wearer's blows with all of their magic.
   It causes its wearer's magical reserves to regenerate more quickly.
   Int:       It affects your intelligence (-3).
Jewellery
 j - an amulet of magic regeneration
 l - an amulet of faith (around neck)
 q - a +4 ring of protection (left hand)
 s - a ring of positive energy
 N - a +4 ring of evasion (right hand)
 T - a ring of fire
Wands
 B - a wand of flame (57)
 G - a wand of digging (3)
 I - a wand of iceblast (17)
 M - a wand of charming (5)
 R - a wand of polymorph (11)
Scrolls
 h - 10 scrolls of teleportation
 i - 4 scrolls of vulnerability
 m - 3 scrolls of enchant armour
 n - 7 scrolls of blinking
 u - 4 scrolls of enchant weapon
 v - a scroll of noise
 y - a scroll of immolation
 C - 2 scrolls of fear
 D - a scroll of torment
 H - 2 scrolls of magic mapping
 K - 2 scrolls of amnesia
 L - a scroll of fog
 P - a scroll of brand weapon
 S - a scroll of identify
Potions
 c - 10 potions of curing
 f - 4 potions of flight
 k - 2 potions of attraction {unknown}
 o - 5 potions of haste {unknown}
 t - 4 potions of mutation {unknown}
 w - 8 potions of heal wounds {unknown}
 x - 5 potions of cancellation {unknown}
 z - a potion of berserk rage {unknown}
 A - 6 potions of invisibility {unknown}
 O - 7 potions of ambrosia
 U - 2 potions of might


   Skills:
 + Level 10.8 Fighting
 * Level 11.0 Axes
 + Level 10.4 Armour
 - Level 2.2 Dodging
 * Level 13.9 Shields
 - Level 5.0 Evocations


You had 12 spell levels left.
You didn't know any spells.
Your spell library was empty.

Dungeon Overview and Level Annotations

Branches:
Dungeon (10/15)            Temple (0/1) D:7            Lair (4/6) D:10
 Shoals (0/4) Lair:2          Orc (0/2) D:9         Ossuary (visited)
Volcano (visited)
  Snake: Lair:2-4    Spider: Lair:2-4

Altars:
Dithmenos
Elyvilon
Fedhas
Gozag
Hepliaklqana
Kikubaaqudgha
Nemelex Xobeh
Okawaru
Qazlal
Ru
Sif Muna
Trog
Uskayaw
Wu Jian
Yredelemnul
Zin
Beogh

Shops:
D:4 *

Annotations:
Lair:4 Sonja


Innate Abilities, Weirdness & Mutations

You are immune to sickness and miasma.
Your stone body is resilient. (AC +9)
You are immune to poison.
You resist negative energy. (rN+)
You are resistant to electric shocks. (rElec)
You are resistant to unholy torment.
You are immune to petrification.


Message History

Sonja blinks!
You closely miss the bullfrog.
Sonja casts a spell.
Sonja blinks!
You block the bullfrog's attack. Sonja hits you but does no damage.
Space warps around you. Sonja hits you but does no damage.
You block Sonja's attack.
The bullfrog hits you but does no damage.
The basilisk gazes at you.
You easily resist.
The bullfrog hits you but does no damage.
Sonja hits you with a +0 short sword of distortion.
Sonja closely misses you. Sonja completely misses you.
You completely miss Sonja. You slice the bullfrog!!
You kill the bullfrog!
Trog accepts your kill.
You block Sonja's attack. x2; Sonja hits you but does no damage.
A dream sheep comes into view.
The basilisk gazes at you.
You easily resist.
Sonja hits you but does no damage. Space warps around you.
Sonja closely misses you. Sonja hits you but does no damage.
Space warps around you.
A death yak comes into view.
You completely miss Sonja.
Sonja hits you with a +0 short sword of distortion.
* * * LOW HITPOINT WARNING * * *
You block Sonja's attack. x3; Sonja closely misses you.
You block Sonja's attack.
A dream sheep comes into view.
The basilisk gazes at you.
You are unaffected.
You block Sonja's attack. Sonja hits you but does no damage.
Space warps horribly around you!
* * * LOW HITPOINT WARNING * * *
Sonja hits you but does no damage. Space warps around you.
* * * LOW HITPOINT WARNING * * *
You are too injured to fight recklessly!
You are too injured to fight recklessly!
Sonja misses you. You block Sonja's attack. x2
You block the dream sheep's attack. Sonja hits you but does no damage.
Space warps around you!
You die...

.##. ...#... ...# .#
....#.. #.P ..#
....... ##.######..P
##..#.Y##.....#.....
.........Y........#
.........l.......##
........Y.........#
.#......Y@K...##
#?##.........# #
#...........#
#.....#...P##
#.....#.#P...
...#...####..##
..#####.. .## ..#
#... . .# ...


You could see a death yak, a basilisk, Sonja and 3 dream sheep.

Vanquished Creatures
  2 hydras (Lair:3)
  4 two-headed ogres
  The ghost of coolio the Shield-Bearer, a novice DrFi of the Shining One (D:6)
  The ghost of jjjjhere the Destroyer, a novice GrCj (D:7)
  Pikel (D:9)
  Joseph (D:7)
  2 black mambas (Lair:3)
  5 cane toads
  A torpor snail (Lair:3)
  A gargoyle (Volcano)
  Maggie (Lair:1)
  6 komodo dragons
  An efreet (Volcano)
  A rime drake (Lair:2)
  A queen bee (D:9)
  A hornet (D:9)
  5 blink frogs (Lair:3)
  A snapping turtle (Lair:2)
  A meliai zombie (D:10)
  33 yaks
  Sigmund (D:4)
  3 hogs (D:8)
  A human (D:8)
  5 wyverns
  A fire elemental (Volcano)
  2 basilisks (Lair:3)
  Eustachio (D:6)
  A wraith (D:6)
  A steam dragon (D:8)
  3 vampire mosquitoes (D:10)
  Duvessa (D:7)
  11 water moccasins
  5 orc warriors
  2 ice beasts (D:7)
  2 sky beasts
  A necrophage (D:6)
  A black bear (Lair:3)
  4 ogres
  4 wolves (Lair:2)
  5 centaurs
  3 lemures (D:9)
  5 elf zombies (Ossuary)
  A kobold brigand (D:9)
  Blork the orc (D:4)
  4 scorpions
  A wyvern zombie (D:9)
  5 bullfrogs
  A gnoll sergeant (D:10)
  2 water moccasin zombies
  Dowan (D:7)
  3 water moccasin skeletons
  A wyvern skeleton (D:7)
  13 wights
  18 killer bees
  An electric eel (Lair:2)
  A lava snake (Lair:3)
  3 human zombies (Ossuary)
  2 bullfrog zombies (D:6)
  3 hounds
  2 jellies
  2 bullfrog skeletons
  9 centaur zombies
  4 orc priests
  3 centaur skeletons
  4 iguanas
  A scorpion zombie (D:3)
  Ijyb (D:4)
  10 orc wizards
  A hound zombie (D:5)
  A hound skeleton (D:5)
  A howler monkey zombie (D:9)
  3 mummies (Ossuary)
  A howler monkey skeleton (D:7)
  5 adders
  9 gnolls
  A shadow imp (D:5)
  A white imp (D:7)
  2 dart slugs
  41 orcs
  7 ball pythons
  4 endoplasms
  A giant cockroach (D:2)
  2 goblins
  4 hobgoblins
  10 jackals
  3 quokkas
  4 bats
  A frilled lizard (D:1)
  8 kobolds
  3 rats (D:2)
343 creatures vanquished.

Vanquished Creatures (collateral kills)
  A killer bee (D:9)
  3 orc priests (D:9)
  10 orcs (D:9)
14 creatures vanquished.

Vanquished Creatures (others)
  4 fungi
  35 plants
39 creatures vanquished.

Grand Total: 396 creatures vanquished

Notes
Turn   | Place    | Note
-------+----------+-------------------------------------------
     0 | D:1      | browni3141 the Gargoyle Berserker began the quest for the
                  | Orb.
     0 | D:1      | Reached XP level 1. HP: 14/14 MP: 1/1
   309 | D:1      | Reached XP level 2. HP: 18/19 MP: 2/2
   709 | D:1      | Found a faded altar of an unknown god.
   989 | D:2      | Reached XP level 3. HP: 23/24 MP: 3/3
  1061 | D:2      | Reached ** piety under Trog
  1450 | D:3      | Found a sparkling altar of Nemelex Xobeh.
  1515 | D:3      | Reached XP level 4. HP: 28/29 MP: 4/4
  1590 | D:3      | Reached skill level 1 in Shields
  1613 | D:3      | Reached XP level 5. HP: 11/33 MP: 5/5
  2315 | D:4      | Noticed Sigmund
  2335 | D:4      | Killed Sigmund
  2336 | D:4      | Reached skill level 2 in Shields
  2336 | D:4      | Reached XP level 6. HP: 31/39 MP: 6/6
  2340 | D:4      | Reached skill level 3 in Shields
  2504 | D:4      | Found a sand-covered staircase.
  2536 | Ossuary  | Entered an ossuary
  2623 | Ossuary  | Reached XP level 7. HP: 44/44 MP: 7/7
  2638 | Ossuary  | Reached skill level 5 in Fighting
  2638 | Ossuary  | Reached skill level 4 in Shields
  2958 | Ossuary  | Reached skill level 5 in Shields
  2960 | Ossuary  | Reached XP level 8. HP: 36/50 MP: 8/8
  2966 | Ossuary  | Reached skill level 5 in Armour
  3365 | D:4      | Noticed Blork the orc
  3366 | D:4      | Found a faded altar of an unknown god.
  3367 | D:4      | Found a hazy altar of Hepliaklqana.
  3375 | D:4      | Killed Blork the orc
  3570 | D:4      | Noticed Ijyb
  3576 | D:4      | Killed Ijyb
  3795 | D:4      | Found Jerphoide's Overcharged Wands.
  4046 | D:5      | Entered Level 5 of the Dungeon
  4205 | D:5      | Reached skill level 6 in Shields
  4207 | D:5      | Reached *** piety under Trog
  4356 | D:5      | Reached skill level 5 in Axes
  5141 | D:5      | Reached skill level 7 in Shields
  5149 | D:5      | Reached XP level 9. HP: 56/56 MP: 9/9
  6086 | D:6      | Reached skill level 8 in Shields
  6147 | D:6      | Found a runed translucent gate.
  6147 | D:6      | Found an opulent altar of Gozag.
  6150 | D:6      | Found a runed translucent gate.
  6150 | D:6      | Found a runed translucent gate.
  6151 | D:6      | Noticed coolio's ghost (novice DrFi)
  6382 | D:6      | Noticed Eustachio
  6490 | D:6      | Killed Eustachio
  6994 | D:6      | Killed coolio's ghost
  6995 | D:6      | Reached skill level 9 in Shields
  6995 | D:6      | Reached XP level 10. HP: 34/63 MP: 10/10
  7347 | D:7      | Found a staircase to the Ecumenical Temple.
  7436 | D:7      | Reached skill level 1 in Evocations
  7445 | D:7      | Reached **** piety under Trog
  7902 | D:7      | Noticed Joseph
  7923 | D:7      | Killed Joseph
  8202 | D:7      | Found a sacrificial altar of Ru.
  8202 | D:7      | Found a stormy altar of Qazlal.
  8316 | D:7      | Found a glowing silver altar of Zin.
  8320 | D:7      | Found a blossoming altar of Fedhas.
  8321 | D:7      | Found a hide-covered altar of Uskayaw.
  8323 | D:7      | Found a white marble altar of Elyvilon.
  8323 | D:7      | Found a shadowy altar of Dithmenos.
  8324 | D:7      | Found a shimmering blue altar of Sif Muna.
  8326 | D:7      | Found an ancient bone altar of Kikubaaqudgha.
  8330 | D:7      | Found a basalt altar of Yredelemnul.
  8331 | D:7      | Found a bloodstained altar of Trog.
  8352 | D:7      | Found a transporter.
  8353 | D:7      | Noticed jjjjhere's ghost (novice GrCj)
  8354 | D:7      | Identified the +7 dire flail of the Whelk {antimagic,
                  | Dex+5}
  8354 | D:7      | Identified the +1 dire flail of Magnificence {protect, rC+
                  | Str+2 Int+4}
  8354 | D:7      | Noticed a two-headed ogre
  8358 | D:7      | Found a transporter.
  8411 | D:7      | Noticed Dowan
  8412 | D:7      | Noticed Duvessa
  8431 | D:7      | Killed Dowan
  8437 | D:7      | Killed Duvessa
  8634 | D:7      | Reached skill level 10 in Shields
  8637 | D:7      | Killed a two-headed ogre
  8644 | D:7      | Killed jjjjhere's ghost
  8645 | D:7      | Reached XP level 11. HP: 55/69 MP: 11/11
 10093 | D:8      | Reached ***** piety under Trog
 10454 | D:9      | Noticed Pikel
 10454 | D:9      | Noticed a two-headed ogre
 10461 | D:9      | Killed a two-headed ogre
 10462 | D:9      | Reached skill level 11 in Shields
 10482 | D:9      | Killed Pikel
 10483 | D:9      | Reached skill level 5 in Evocations
 10817 | D:9      | Found an ornate altar of the Wu Jian Council.
 10833 | D:9      | Found the +4 robe of Folly {Brilliance Will-∞ Int+8}
 10900 | D:9      | Noticed a two-headed ogre
 10913 | D:9      | Killed a two-headed ogre
 11311 | D:9      | Found a staircase to the Orcish Mines.
 12248 | D:9      | Identified the +1 ring mail "Fate" {rPois Regen+}
 12538 | D:10     | Entered Level 10 of the Dungeon
 12804 | D:10     | Found an iron altar of Okawaru.
 12820 | D:10     | Reached XP level 12. HP: 76/76 MP: 12/12
 13133 | D:10     | Reached skill level 12 in Shields
 13228 | D:10     | Noticed a two-headed ogre
 13241 | D:10     | Killed a two-headed ogre
 13402 | D:10     | Found a staircase to the Lair.
 13770 | D:10     | Identified a scroll of acquirement
 13773 | D:10     | Acquired the +6 broad axe of War {vorpal, *Rage rF+ Stlth+}
 13777 | Lair:1   | Entered Level 1 of the Lair of Beasts
 13969 | Lair:1   | Noticed Maggie
 13981 | Lair:1   | Killed Maggie
 15167 | Lair:2   | Reached skill level 10 in Fighting
 15275 | Lair:2   | Reached skill level 10 in Axes
 15678 | Lair:2   | Found a staircase to the Shoals.
 16168 | Lair:3   | Reached skill level 13 in Shields
 16265 | Lair:3   | Reached skill level 10 in Armour
 16378 | Lair:3   | Found a dark tunnel.
 16391 | Volcano  | Entered a volcano
 16413 | Volcano  | Found the +3 Mad Mage's Maulers {Infuse+∞ RegenMP Int-3}
 16605 | Lair:3   | Reached XP level 13. HP: 83/83 MP: 1/13
 17159 | Lair:3   | Identified the +1 ring mail "Amoi" {rElec}
 17558 | Lair:4   | Noticed Sonja
 17577 | Lair:4   | Slain by Sonja

Illustrated notes

Levels and vault maps discovered:
D:1:      scummos_arrival_hexagon, layout_basic,
          shapermc_ecumenical_altar_mp_urbaneastern, minmay_stone_trees_small,
          minmay_tetromino_t2
D:2:      layout_basic
D:3:      layout_rooms, nemelex_xobeh_ov_fountains_minmay, serial_rivers,
          chequers_serial_rivers_large_a, chequers_serial_rivers_small_3,
          chequers_serial_rivers_small_a, chequers_serial_rivers_room_a,
          chequers_serial_rivers_micro_e, chequers_serial_rivers_marsh
D:4:      layout_loops_ring, beargit_hepliaklqana_dungeon_heroes,
          enter_ossuary_5, nrook_campfire, st_stairs_7,
          nicolae_shop_overcharged_wands, uniq_sigmund, uniq_ijyb
D:5:      layout_basic
D:6:      layout_basic, ebering_ghost_gozag, uniq_eustachio
D:7:      layout_basic, nicolae_overflow_hallway_of_the_gods,
          minmay_temple_entry_waves, gammafunk_ghost_smash, minivault_23,
          kennysheep_generic_room_5, uniq_duvessa, uniq_joseph
D:8:      layout_basic, minmay_misc_feat_tower, grunt_livestock
D:9:      layout_basic, nzn_wu_jian_contemplation, david_orc_5, special_room
          [special_room_bee], uniq_pikel
D:10:     layout_roguey, okawaru_gym_becter, lair_entry_dummy,
          skrybe_limestone_x, nrook_uturn
Lair:1:   layout_regular_city, grunt_megastairs_5, uniq_maggie
Lair:2:   layout_regular_city, minmay_shoals_entry_hut, wad_woods_river_01
Lair:3:   layout_gridlike, nicolae_volcano_entry_hallway, serial_bayou_shore_b,
          grunt_megastairs_1
Lair:4:   layout_layer_cave, spider_nest_entry_rubble, grunt_megastairs_4,
          uniq_sonja, uniq_josephine

Skill      XL: |  1  2  3  4  5  6  7  8  9 10 11 12 13 |
---------------+----------------------------------------+-----
Axes           | 3 4 5 6 7 8 10 11 | 11.0
Dodging        | 2 |  2.2
Armour         | 3 4 5 7 8 10 | 10.4
Fighting       | 4 5 6 7 8 9 10 | 10.8
Shields        | 1 2 3 5 7 9 10 11 13 | 13.9
Evocations     | 3 5 |  5.0

Action                   |  1- 3 |  4- 6 |  7- 9 | 10-12 | 13-15 || total
-------------------------+-------+-------+-------+-------+-------++-------
Melee: Hand axe          |   101 |   104 |   511 |   208 |       ||   924
       Punch             |     1 |       |       |       |       ||     1
       War axe           |       |       |       |   497 |       ||   497
       Broad axe         |       |       |       |   142 |    76 ||   218
Invok: Berserk           |       |     2 |    11 |    19 |     1 ||    33
       Trog's Hand       |       |     1 |       |     3 |       ||     4
       Brothers in Arms  |       |       |       |     2 |       ||     2
Evoke: Wand              |       |       |       |     1 |       ||     1
  Use: Scroll            |       |       |       |    16 |       ||    16
Armor: Scale mail        |    70 |    88 |   173 |       |       ||   331
       Animal skin       |     1 |       |       |       |       ||     1
       Plate armour      |       |       |   275 |   778 |   107 ||  1160
Dodge: Dodged            |    63 |    53 |   188 |   251 |    69 ||   624
Block: Kite shield       |       |    50 |   277 |   588 |    88 ||  1003
